 Dungeon Crawl Stone Soup version 0.19.1 (webtiles) character file.

162 KingBobo974 the Skirmisher (level 5, -4/34 HPs)
             Began as a Gargoyle Gladiator on Dec 9, 2016.
             Was an Initiate of Makhleb.
             Killed by divine providence
             ... invoked by an orc priest
              (13 damage)
             ... on level 3 of the Dungeon.
             The game lasted 00:06:58 (1506 turns).

KingBobo974 the Skirmisher (Gargoyle Gladiator)     Turns: 1506, Time: 00:06:59

Health: -4/34      AC: 23    Str: 20    XL:     5   Next: 43%
Magic:  5/5        EV:  6    Int:  8    God:    Makhleb [......]
Gold:   116        SH:  0    Dex: 10    Spells: 0 memorised, 4 levels left

rFire  . . .     SeeInvis .     j - +2 mace (protect)
rCold  . . .     Gourm    .     m - +0 plate armour
rNeg   + . .     Faith    .     (no shield)
rPois  ∞         Spirit   .     c - +0 helmet
rElec  +         Reflect  .     (no cloak)
rCorr  .         Harm     .     (no gloves)
MR     .....                    (no boots)
Stlth  ..........               (no amulet)
                                (no ring)
                                (no ring)

@: protection aura
A: negative energy resistance 1, electricity resistance, unbreathing,
petrification resistance, rot immunity, AC +4
a: Renounce Religion


You were on level 3 of the Dungeon.
You worshipped Makhleb.
Makhleb was noncommittal.
You were not hungry.

You visited 1 branch of the dungeon, and saw 3 of its levels.

You collected 116 gold pieces.

Inventory:

Hand Weapons
 a - a +0 quarterstaff
 j - a +2 mace of protection (weapon)
Missiles
 d - 3 throwing nets (quivered)
Armour
 b - a +0 leather armour
 c - a +0 helmet (worn)
 g - a +0 scale mail
 i - a +0 scale mail
 m - a +0 plate armour (worn)
Scrolls
 k - 3 scrolls of identify {unknown}
 l - 2 scrolls of noise {unknown}
 o - 2 scrolls of remove curse {unknown}
 p - a scroll of teleportation {unknown}
 q - a scroll of fear {unknown}
Potions
 e - 2 potions of heal wounds {unknown}
 h - a potion of flight {unknown}
 n - 2 potions of brilliance {unknown}
Comestibles
 f - 3 bread rations


   Skills:
 * Level 4.8 Fighting
 - Level 3.6 Staves
 - Level 1.7 Throwing
 + Level 2.4 Armour
 - Level 2.4 Dodging


You had 4 spell levels left.
You didn't know any spells.

Dungeon Overview and Level Annotations

Branches:
Dungeon (3/15)

Altars:
Makhleb


Innate Abilities, Weirdness & Mutations

You are resistant to torment.
Your stone body is resilient. (AC +4)
You are immune to poison.
You resist negative energy. (rN+)
You are resistant to electric shocks. (rElec)
You can survive without breathing.
You are immune to petrification.
You are immune to rotting.


Message History

Found a stone staircase leading up.
There is a stone staircase leading up here. 4 orcs and an orc priest come into view.
The orc shouts!
The orc priest shouts!
The orc shouts! x3
The orc hits you but does no damage.
The orc priest mumbles some strange prayers to Beogh against you.
Beogh smites you!
You hit the orc.
Your weapon exudes an aura of protection.
The orc is moderately wounded.
The orc barely misses you.
The orc priest mumbles some strange prayers to Beogh against you.
Beogh smites you!
* * * LOW HITPOINT WARNING * * *
The orc closely misses you. The orc hits you but does no damage.
There is a stone staircase leading up here.
You can't go down here!
The orc priest mumbles some strange prayers to Beogh against you.
Beogh smites you!
You die...

. #####.
..#..
#.#.#######
#...#.....#
#...#...o.#
#.b.#...o.#
#@#o....#


#.oogoo.# #.#o....# #.#...<.# ..#.....# ##.......# #...##### #.... #. .. You
could see 2 orc priests, 3 orcs, a goblin and a bat.

Vanquished Creatures
  A hound (D:2)
  A gnoll (D:1)
  7 adders (D:2)
  3 worms (D:2)
  2 dart slugs (D:2)
  A leopard gecko (D:1)
  3 giant cockroaches
  10 goblins
  4 hobgoblins
  3 jackals (D:2)
  A quokka (D:2)
  A ball python (D:2)
  3 bats (D:1)
  2 frilled lizards (D:2)
  6 kobolds
  4 rats (D:1)
52 creatures vanquished.

Notes
Turn   | Place    | Note
-------+----------+-------------------------------------------
     0 | D:1      | KingBobo974 the Gargoyle Gladiator began the quest for the Orb.
     0 | D:1      | Reached XP level 1. HP: 12/12 MP: 1/1
    91 | D:1      | Reached XP level 2. HP: 17/18 MP: 2/2
   146 | D:1      | Reached skill level 3 in Fighting
   179 | D:1      | Reached XP level 3. HP: 23/23 MP: 3/3
   735 | D:2      | Reached XP level 4. HP: 25/29 MP: 4/4
   812 | D:2      | Reached skill level 4 in Fighting
   930 | D:2      | Reached skill level 1 in Armour
  1180 | D:2      | Reached XP level 5. HP: 33/34 MP: 5/5
  1206 | D:2      | Found a burning altar of Makhleb.
  1308 | D:2      | Became a worshipper of Makhleb the Destroyer
  1506 | D:3      | Killed from afar by an orc priest

Skill      XL: |  1  2  3  4  5 |
---------------+----------------+-----
Fighting       | 3 4 |  4.8
Armour         | 1 2 |  2.4
Staves         | |  3.6
Throwing       | |  1.7
Dodging        | |  2.4

Action                   |  1- 3 |  4- 6 || total
-------------------------+-------+-------++-------
Melee: Quarterstaff      |    37 |       ||    37
       Mace              |    30 |   109 ||   139
  Eat: Meat ration       |       |     1 ||     1
Armor: Scale mail        |    29 |       ||    29
       Leather armour    |     2 |       ||     2
       Plate armour      |       |   103 ||   103
Dodge: Dodged            |    37 |    53 ||    90
